PAAA
PORT ROYAL DISASTER @ BAKERSFIELD NOBLES
07/14/2042
 
TOP OF THE 1ST
Port Royal Disaster batting - Pitching for Bakersfield Nobles : RHP Joy-shan Men
Pitching: RHP Joy-shan Men
Batting: RHB Sean Roberts 0-0: Ball
1-0: Ball
2-0: Ball
3-0: Base on Balls
Batting: RHB Louie Kennard 0-0: Ball
1-0: Fielders Choice at 2nd, 1-6 (Groundball, 23, EV 86.9 MPH)
Batting: RHB Anson Darrah 0-0: Called Strike
0-1: Ground out 3-1 (Groundball, 34, EV 103.8 MPH)
Louie Kennard to second
Batting: RHB Michael Brannon 0-0: Ball
1-0: Foul Ball, location: 2F
1-1: Foul Ball, location: 2F
1-2: Ball
2-2: Ground out 4-3 (Groundball, 4, EV 100.0 MPH)
Top of the 1st over - 0 runs, 0 hits, 0 errors, 1 left on base; Port Royal 0 - Bakersfield 0
BOTTOM OF THE 1ST
Bakersfield Nobles batting - Pitching for Port Royal Disaster : RHP José Blanco
Pitching: RHP José Blanco
Batting: LHB Roldão Cintra 0-0: Called Strike
0-1: Ground out 4-3 (Groundball, 4, EV 86.9 MPH)
Batting: SHB Glyn Bolasky 0-0: Ball
1-0: Ball
2-0: Called Strike
2-1: Swinging Strike
2-2: Ball
3-2: Foul Ball, location: 2F
3-2: Base on Balls
Batting: SHB César Enríques 0-0: Called Strike
0-1: Ball
1-1: Ball
2-1: Ball
3-1: Fly out, F9 (Flyball, 89D, EV 73.1 MPH)
Batting: SHB Roberto Castillo 0-0: Ball
1-0: Called Strike
Glyn Bolasky steals 2nd base (no throw)
1-1: Fly out, F7 (Flyball, 7LD, EV 91.2 MPH)
Bottom of the 1st over - 0 runs, 0 hits, 0 errors, 1 left on base; Port Royal 0 - Bakersfield 0
TOP OF THE 2ND
Port Royal Disaster batting - Pitching for Bakersfield Nobles : RHP Joy-shan Men
Batting: RHB Mario Álvarez 0-0: Called Strike
0-1: Called Strike
0-2: Foul Ball, location: 2F
0-2: Ball
1-2: Ball
2-2: Fly out, F6 (Line Drive, 6, EV 75.6 MPH)
Batting: RHB Tomás Martí 0-0: Fly out, F5 (Popup, 5SF, EV 87.5 MPH)
Batting: RHB Gerold Kent 0-0: Ball
1-0: Ball
2-0: Fly out, F8 (Line Drive, 8RM, EV 90.0 MPH)
Top of the 2nd over - 0 runs, 0 hits, 0 errors, 0 left on base; Port Royal 0 - Bakersfield 0
BOTTOM OF THE 2ND
Bakersfield Nobles batting - Pitching for Port Royal Disaster : RHP José Blanco
Batting: RHB Dídac Nores 0-0: Ball
1-0: Called Strike
1-1: Ball
2-1: Called Strike
2-2: Ground out 5-3 (Groundball, 56S, EV 83.8 MPH)
Batting: RHB Ryoichi Yoshida 0-0: Called Strike
0-1: Called Strike
0-2: Ball
1-2: Strikes out swinging
Batting: RHB Domingo Reyes 0-0: Ball
1-0: Foul Ball, location: 2F
1-1: SINGLE (Groundball, 6MD, EV 100.6 MPH)
Batting: RHB Corey Ollerton 0-0: Ball
1-0: Called Strike
1-1: Ball
2-1: Foul Ball, location: 2F
2-2: 2-RUN HOME RUN (Flyball, 7D, EV 110.6 MPH), Distance : 366 ft
Batting: RHB Carlos Miranda 0-0: Hit by Pitch
Batting: LHB Roldão Cintra 0-0: Ball
1-0: Ball
2-0: Called Strike
2-1: SINGLE (Groundball, 56D, EV 105.6 MPH)
Carlos Miranda to second
Batting: SHB Glyn Bolasky 0-0: 3-RUN HOME RUN (Flyball, 9D, EV 96.9 MPH) (Inside the Park)
Batting: SHB César Enríques 0-0: Ball
1-0: Ball
2-0: Ball
3-0: Base on Balls
Batting: SHB Roberto Castillo 0-0: Swinging Strike
0-1: Ground out 4-3 (Groundball, 4, EV 105.0 MPH)
Bottom of the 2nd over - 5 runs, 4 hits, 0 errors, 1 left on base; Port Royal 0 - Bakersfield 5
TOP OF THE 3RD
Port Royal Disaster batting - Pitching for Bakersfield Nobles : RHP Joy-shan Men
Batting: RHB Mark Merry 0-0: Called Strike
0-1: Ground out 6-3 (Groundball, 6M, EV 102.5 MPH)
Batting: LHB Seung-soo Ch'ae 0-0: Ball
1-0: SINGLE (Line Drive, 4D, EV 111.9 MPH)
Batting: RHB Sean Roberts 0-0: Ground out 6-3 (Groundball, 6S, EV 71.2 MPH)
Seung-soo Ch'ae to second
Batting: RHB Louie Kennard 0-0: Called Strike
0-1: Ground out 2-3 (Groundball, 2L, EV 73.1 MPH)
Top of the 3rd over - 0 runs, 1 hit, 0 errors, 1 left on base; Port Royal 0 - Bakersfield 5
BOTTOM OF THE 3RD
Bakersfield Nobles batting - Pitching for Port Royal Disaster : RHP José Blanco
Batting: RHB Dídac Nores 0-0: Ball
1-0: Ball
2-0: Called Strike
2-1: Foul Ball, location: 2F
2-2: Foul Ball, location: 2F
2-2: SINGLE (Groundball, 6D, EV 97.5 MPH)
Batting: RHB Ryoichi Yoshida 0-0: Hit by Pitch
Dídac Nores to second
Batting: RHB Domingo Reyes 0-0: Ball
1-0: Called Strike
1-1: Ground out 5-3 (Groundball, 5S, EV 73.8 MPH)
Dídac Nores to third
Ryoichi Yoshida to second
Batting: RHB Corey Ollerton 0-0: Called Strike
0-1: Ball
1-1: Called Strike
1-2: Fly out, F8 (Line Drive, 8RM, EV 89.4 MPH)
Runner from 3rd tags up, SCORES, throw by CF
Pitching: RHP Chenor Njie
Batting: RHB Carlos Miranda 0-0: Foul Ball, location: 2F
0-1: Ball
1-1: Ball
2-1: Ball
3-1: Foul Ball, location: 2F
3-2: Foul Ball, location: 2F
3-2: SINGLE (Line Drive, 6MD, EV 101.2 MPH)
Ryoichi Yoshida to third
Ryoichi Yoshida scores
Batting: LHB Roldão Cintra 0-0: Swinging Strike
0-1: Foul Ball, location: 2F
0-2: Foul Ball, location: 2F
0-2: Ball
1-2: Ball
2-2: Ball
3-2: Strikes out swinging
Bottom of the 3rd over - 2 runs, 2 hits, 0 errors, 1 left on base; Port Royal 0 - Bakersfield 7
TOP OF THE 4TH
Port Royal Disaster batting - Pitching for Bakersfield Nobles : RHP Joy-shan Men
Batting: RHB Anson Darrah 0-0: Called Strike
0-1: Ball
1-1: Ground out 4-3 (Groundball, 34, EV 85.0 MPH)
Batting: RHB Michael Brannon 0-0: Ball
1-0: Ball
2-0: Ball
3-0: Called Strike
3-1: Fly out, F8 (Flyball, 8LD, EV 76.9 MPH)
Batting: RHB Mario Álvarez 0-0: Ball
1-0: Foul Ball, location: 2F
1-1: Ball
2-1: Ball
3-1: Swinging Strike
3-2: Base on Balls
Batting: RHB Tomás Martí 0-0: Ground out 1-3 (Groundball, 13, EV 68.8 MPH)
Top of the 4th over - 0 runs, 0 hits, 0 errors, 1 left on base; Port Royal 0 - Bakersfield 7
BOTTOM OF THE 4TH
Bakersfield Nobles batting - Pitching for Port Royal Disaster : RHP Chenor Njie
Batting: SHB Glyn Bolasky 0-0: Ball
1-0: Ball
2-0: Called Strike
2-1: Ball
3-1: Swinging Strike
3-2: Foul Ball, location: 2F
3-2: Base on Balls
Batting: SHB César Enríques 0-0: Ball
1-0: Ball
2-0: Called Strike
2-1: Ball
3-1: Base on Balls
Glyn Bolasky to second
Pitching: LHP Narihira Yokota
Batting: SHB Roberto Castillo 0-0: Ball
1-0: Foul Ball, location: 2F
1-1: Swinging Strike
1-2: Foul Ball, location: 2F
1-2: Strikes out looking
Batting: RHB Dídac Nores 0-0: Called Strike
0-1: Ball
1-1: Ball
2-1: DOUBLE (Line Drive, 7LS, EV 105.6 MPH)
Glyn Bolasky scores
César Enríques to third
Batting: RHB Ryoichi Yoshida 0-0: Foul Ball, location: 2F
0-1: Ball
1-1: SINGLE (Groundball, 6D, EV 96.9 MPH)
César Enríques scores
Dídac Nores to third
Runner from 3rd tries for Home, SAFE, throw by CF to home
Batting: RHB Domingo Reyes 0-0: Ball
1-0: Called Strike
1-1: Fielders Choice at 2nd, 6-4 (Groundball, 6, EV 85.0 MPH)
Batting: RHB Corey Ollerton 0-0: Ball
1-0: SINGLE (Groundball, 3D, EV 98.8 MPH)
Domingo Reyes to second
Batting: RHB Carlos Miranda 0-0: Called Strike
0-1: Ball
1-1: Foul Ball, location: 2F
1-2: Ball
2-2: Foul Ball, location: 2F
2-2: Ball
3-2: SINGLE (Groundball, 6D, EV 100.0 MPH)
Domingo Reyes to third
Corey Ollerton to second
Domingo Reyes scores
Corey Ollerton to third
Batting: LHB Roldão Cintra 0-0: Foul Ball, location: 2F
0-1: Ball
1-1: Swinging Strike
1-2: Strikes out swinging
Bottom of the 4th over - 4 runs, 4 hits, 0 errors, 2 left on base; Port Royal 0 - Bakersfield 11
TOP OF THE 5TH
Port Royal Disaster batting - Pitching for Bakersfield Nobles : RHP Joy-shan Men
Batting: RHB Gerold Kent 0-0: Ball
1-0: Called Strike
1-1: Ground out 6-3 (Groundball, 6, EV 85.0 MPH)
Batting: RHB Mark Merry 0-0: Called Strike
0-1: Ball
1-1: Fly out, F6 (Line Drive, 6, EV 68.1 MPH)
Batting: LHB Seung-soo Ch'ae 0-0: Swinging Strike
0-1: Foul Ball, location: 2F
0-2: Ball
1-2: Fly out, F6 (Popup, 6M, EV 61.2 MPH)
Top of the 5th over - 0 runs, 0 hits, 0 errors, 0 left on base; Port Royal 0 - Bakersfield 11
BOTTOM OF THE 5TH
Bakersfield Nobles batting - Pitching for Port Royal Disaster : LHP Narihira Yokota
Batting: SHB Glyn Bolasky 0-0: Foul Ball, location: 2F
0-1: Called Strike
0-2: Strikes out looking
Batting: SHB César Enríques 0-0: Ball
1-0: Swinging Strike
1-1: SOLO HOME RUN (Flyball, 9D, EV 96.9 MPH), Distance : 371 ft
Batting: SHB Roberto Castillo 0-0: Ball
1-0: Ball
2-0: Called Strike
2-1: Ball
3-1: Foul Ball, location: 2F
3-2: Foul Ball, location: 2F
3-2: Base on Balls
Batting: RHB Dídac Nores 0-0: Called Strike
0-1: Ball
1-1: Ball
2-1: Called Strike
2-2: Strikes out swinging
Batting: RHB Ryoichi Yoshida 0-0: Ball
1-0: Ball
2-0: Called Strike
2-1: Foul Ball, location: 2F
2-2: Ball
3-2: Foul Ball, location: 2F
3-2: Base on Balls
Roberto Castillo to second
Batting: RHB Domingo Reyes 0-0: Fly out, F9 (Line Drive, 9, EV 90.6 MPH)
Bottom of the 5th over - 1 run, 1 hit, 0 errors, 2 left on base; Port Royal 0 - Bakersfield 12
TOP OF THE 6TH
Port Royal Disaster batting - Pitching for Bakersfield Nobles : RHP Joy-shan Men
Batting: RHB Sean Roberts 0-0: Ball
1-0: Called Strike
1-1: Called Strike
1-2: Foul Ball, location: 2F
1-2: Ball
2-2: Foul Ball, location: 2F
2-2: Strikes out swinging
Pitching: RHP Kyung-soo Yun
Batting: RHB Louie Kennard 0-0: Called Strike
0-1: SINGLE (Line Drive, 7LS, EV 104.4 MPH)
Batting: RHB Anson Darrah 0-0: Called Strike
0-1: Called Strike
0-2: Hit by Pitch
Louie Kennard to second
Batting: RHB Michael Brannon 0-0: Called Strike
Louie Kennard steals 3rd base
0-1: Ball
1-1: Swinging Strike
1-2: SINGLE (Line Drive, 7LM, EV 97.5 MPH)
Louie Kennard scores
Anson Darrah to second
Batting: RHB Mario Álvarez 0-0: Ground out 4-3 (Groundball, 4MS, EV 71.9 MPH)
Anson Darrah to third
Michael Brannon to second
Batting: RHB Tomás Martí 0-0: Ball
1-0: Ball
2-0: Fly out, F8 (Line Drive, 8RD, EV 105.0 MPH)
Top of the 6th over - 1 run, 2 hits, 0 errors, 2 left on base; Port Royal 1 - Bakersfield 12
BOTTOM OF THE 6TH
Bakersfield Nobles batting - Pitching for Port Royal Disaster : LHP Narihira Yokota
Pitching: RHP Joe Louter
Batting: RHB Corey Ollerton 0-0: Ground out 4-3 (Groundball, 4, EV 84.4 MPH)
Batting: RHB Carlos Miranda 0-0: Foul Ball, location: 2F
0-1: Ball
1-1: Foul Ball, location: 2F
1-2: Strikes out swinging
Batting: LHB Roldão Cintra 0-0: Ball
1-0: Ball
2-0: Ball
3-0: Foul Ball, location: 2F
3-1: SINGLE (Groundball, 56D, EV 95.6 MPH)
Batting: SHB Glyn Bolasky 0-0: Fly out, F8 (Flyball, 89D, EV 85.0 MPH)
Bottom of the 6th over - 0 runs, 1 hit, 0 errors, 1 left on base; Port Royal 1 - Bakersfield 12
TOP OF THE 7TH
Port Royal Disaster batting - Pitching for Bakersfield Nobles : RHP Kyung-soo Yun
Batting: RHB Gerold Kent 0-0: Ball
1-0: Called Strike
1-1: Foul Ball, location: 2F
1-2: Strikes out swinging
Batting: RHB Mark Merry 0-0: Ball
1-0: Swinging Strike
1-1: Swinging Strike
1-2: Strikes out swinging
Batting: LHB Seung-soo Ch'ae 0-0: Ball
1-0: Called Strike
1-1: Ball
2-1: Swinging Strike
2-2: Foul Ball, location: 2F
2-2: Strikes out swinging, 2-3 out at first.
Top of the 7th over - 0 runs, 0 hits, 0 errors, 0 left on base; Port Royal 1 - Bakersfield 12
BOTTOM OF THE 7TH
Bakersfield Nobles batting - Pitching for Port Royal Disaster : RHP Joe Louter
Batting: SHB César Enríques 0-0: Ball
1-0: Called Strike
1-1: SINGLE (Groundball, 23, EV 72.5 MPH) (infield hit)
Batting: SHB Roberto Castillo 0-0: Ball
1-0: Ball
2-0: Ball
3-0: Base on Balls
César Enríques to second
Batting: RHB Dídac Nores 0-0: Called Strike
0-1: Foul Ball, location: 2F
0-2: Ball
1-2: Fly out, F6 (Flyball, 56D, EV 85.0 MPH)
Batting: RHB Ryoichi Yoshida 0-0: Called Strike
0-1: Ball
1-1: Foul Ball, location: 2F
1-2: Ball
2-2: SINGLE (Line Drive, 34D, EV 98.1 MPH)
César Enríques to third
Roberto Castillo to second
Runner from 3rd tries for Home, SAFE, throw by RF to home
Batting: RHB Domingo Reyes 0-0: Ball
1-0: Ball
2-0: Ball
3-0: Base on Balls
Roberto Castillo to third
Ryoichi Yoshida to second
Pitching: RHP Pjotr Melis
Batting: RHB Corey Ollerton 0-0: Ball
1-0: Ball
2-0: Called Strike
2-1: Swinging Strike
2-2: Ball
3-2: Strikes out swinging
Batting: RHB Carlos Miranda 0-0: Foul Ball, location: 2F
0-1: Ball
1-1: Ball
2-1: Called Strike
2-2: SINGLE (Groundball, 56D, EV 101.2 MPH)
Roberto Castillo scores
Ryoichi Yoshida to third
Domingo Reyes to second
Runner from 3rd tries for Home, SAFE, throw by LF to home
Batting: LHB Roldão Cintra 0-0: Called Strike
0-1: Ball
1-1: Ball
2-1: Called Strike
2-2: Ball
3-2: Foul Ball, location: 2F
3-2: Ground out 4-3 (Groundball, 34, EV 102.5 MPH)
Bottom of the 7th over - 3 runs, 3 hits, 0 errors, 2 left on base; Port Royal 1 - Bakersfield 15
TOP OF THE 8TH
Port Royal Disaster batting - Pitching for Bakersfield Nobles : RHP Kyung-soo Yun
Batting: RHB Sean Roberts 0-0: Fly out, F9 (Flyball, 89D, EV 98.1 MPH)
Batting: RHB Louie Kennard 0-0: Ball
1-0: Ground out 6-3 (Groundball, 6, EV 83.8 MPH)
Batting: RHB Anson Darrah 0-0: Called Strike
0-1: Fly out, F9 (Flyball, 9S, EV 88.1 MPH)
Top of the 8th over - 0 runs, 0 hits, 0 errors, 0 left on base; Port Royal 1 - Bakersfield 15
BOTTOM OF THE 8TH
Bakersfield Nobles batting - Pitching for Port Royal Disaster : RHP Pjotr Melis
Batting: SHB Glyn Bolasky 0-0: Ball
1-0: Ball
2-0: Ball
3-0: Base on Balls
Batting: SHB César Enríques 0-0: Reached on error, E5 (Groundball, 5, EV 86.2 MPH)
Glyn Bolasky to second
Batting: SHB Roberto Castillo 0-0: 3-RUN HOME RUN (Flyball, 89XD, EV 91.9 MPH), Distance : 408 ft
Pinch Hitting: LHB Chris Fitzgerald 0-0: Ball
1-0: Ball
2-0: Ball
3-0: Called Strike
3-1: Base on Balls
Pitching: LHP Maurice Hilliard
Batting: RHB Ryoichi Yoshida 0-0: Called Strike
0-1: Ball
1-1: Ball
2-1: Ball
3-1: Called Strike
3-2: Strikes out looking
Batting: RHB Domingo Reyes 0-0: Ball
1-0: SINGLE (Line Drive, 89S, EV 102.5 MPH)
Chris Fitzgerald to second
Batting: RHB Corey Ollerton 0-0: Ball
1-0: Reached on error, E1 (Groundball, 13S, EV 71.2 MPH)
Chris Fitzgerald to third
Domingo Reyes to second
Batting: RHB Carlos Miranda 0-0: Ball
1-0: Ball
2-0: Foul Ball, location: 2F
2-1: Foul Ball, location: 2F
2-2: SINGLE (Groundball, 6MD, EV 101.2 MPH)
Chris Fitzgerald scores
Domingo Reyes to third
Corey Ollerton to second
Runner from 3rd tries for Home, SAFE, no throw by CF
Batting: LHB Roldão Cintra 0-0: Swinging Strike
0-1: Foul Ball, location: 2F
0-2: Ball
1-2: Foul Ball, location: 2F
1-2: Fly out, F7 (Flyball, 7S, EV 88.1 MPH)
Batting: SHB Glyn Bolasky 0-0: Foul Ball, location: 2F
0-1: Ball
1-1: Ball
2-1: Foul Ball, location: 2F
2-2: Fly out, F9 (Flyball, 9, EV 89.4 MPH)
Bottom of the 8th over - 5 runs, 3 hits, 2 errors, 2 left on base; Port Royal 1 - Bakersfield 20
TOP OF THE 9TH
Port Royal Disaster batting - Pitching for Bakersfield Nobles : RHP Kyung-soo Yun
Now at 2B: Chris Fitzgerald
Batting: RHB Michael Brannon 0-0: Ground out 6-3 (Groundball, 6, EV 84.4 MPH)
Batting: RHB Mario Álvarez 0-0: Ball
1-0: Swinging Strike
1-1: Fly out, F8 (Flyball, 8LD, EV 101.9 MPH)
Batting: RHB Tomás Martí 0-0: Ball
1-0: Swinging Strike
1-1: Swinging Strike
1-2: Strikes out swinging
Top of the 9th over - 0 runs, 0 hits, 0 errors, 0 left on base; Port Royal 1 - Bakersfield 20
Friday, March 26th, 2021 - OOTP Baseball 20.8 Build 74